 Dungeon Crawl Stone Soup version 0.29-a0-451-gfbfa42419e (webtiles) character file.

Game seed: 7260101430149670612

9079 Bruhh the Protected (level 11, -6/90 HPs)
             Began as a Barachi Ice Elementalist on May 19, 2022.
             Was a Priest of the Shining One.
             Mangled by an eight-headed hydra (9 damage)
             ... on level 2 of the Lair of Beasts.
             The game lasted 00:22:13 (15544 turns).

Bruhh the Protected (Barachi Ice Elementalist)     Turns: 15544, Time: 00:22:14

Health: -6/90      AC: 20    Str:  9    XL:     11   Next: 40%
Magic:  14/18      EV: 12    Int: 22    God:    the Shining One [***...]
Gold:   439        SH:  0    Dex: 13    Spells: 9/20 levels left

rFire   . . .      SeeInvis .   e - +2 spear (venom)
rCold   . . .      Faith    .   (no shield)
rNeg    + . .      Spirit   .   m - +0 steam dragon scales
rPois   .          Reflect  .   (no helmet)
rElec   .          Harm     .   (no cloak)
rCorr   .          Rampage  .   (no gloves)
Will    .....                   G - +0 pair of boots
Stlth   +.........              i - amulet of magic regeneration
HPRegen 0.25/turn               E - +4 ring of protection
MPRegen 0.56/turn               (no ring)

@: ice-armoured, glowing, studying 2 skills, slow
A: amphibious, slowness 1, strong legs 1, +LOS, clever 1
a: Hop, Renounce Religion, Divine Shield, Cleansing Flame


You were on level 2 of the Lair of Beasts.
You worshipped the Shining One.
The Shining One was most pleased with you.
You visited 3 branches of the dungeon, and saw 11 of its levels.

You collected 439 gold pieces.

Inventory:

Hand Weapons
 e - a +2 spear of venom (weapon)
 h - a +3 short sword
 j - a +2 scimitar
 n - a +0 dagger of venom
 A - a +0 great sword
Missiles
 p - a throwing net
Armour
 a - a +0 robe
 g - a +0 pair of boots
 m - +0 steam dragon scales (worn)
 r - +0 pearl dragon scales
 G - a +0 pair of boots (worn)
Jewellery
 i - an amulet of magic regeneration (around neck)
 t - an amulet of faith
 E - a +4 ring of protection (left hand)
Wands
 C - a wand of flame (3)
 I - a wand of paralysis (8)
Scrolls
 d - 2 scrolls of magic mapping
 k - 2 scrolls of amnesia
 l - 2 scrolls of vulnerability
 o - 6 scrolls of teleportation
 s - a scroll of silence
 v - 2 scrolls of enchant armour
 w - a scroll of fog
 x - a scroll of noise
 y - 2 scrolls of immolation
 D - a scroll of blinking {unknown}
 H - a scroll of fear
 J - a scroll of summoning {unknown}
Potions
 b - a potion of magic
 c - a potion of cancellation {unknown}
 f - a potion of might {unknown}
 q - 2 potions of lignification {unknown}
 u - a potion of brilliance {unknown}
 z - 2 potions of attraction {unknown}
 B - 4 potions of degeneration {unknown}
 F - a potion of curing
 K - a potion of heal wounds


   Skills:
 - Level 10.0 Fighting
 - Level 12.0 Armour
 - Level 2.1 Dodging
 - Level 1.7 Stealth
 - Level 0.1 Unarmed Combat
 - Level 5.0 Spellcasting
 - Level 4.0 Conjurations
 - Level 6.0 Ice Magic
 + Level 8.8 Invocations


You had 9 spell levels left.
You knew the following spells:

 Your Spells              Type           Power      Damage    Failure   Level
a - Freeze                Ice            100%       1d11      1%          1
b - Frozen Ramparts       Ice            62%        1d8       2%          3
c - Ozocubu's Armour      Ice            31%        N/A       2%          3
d - Hailstorm             Conj/Ice       27%        3d7       13%         4

Your spell library contained the following spells:

 Spells                   Type           Power      Damage    Failure   Level
 Ensorcelled Hibernation  Hex/Ice        36%        N/A       4%          2
 Apportation              Tloc           10%        N/A       10%         1
 Passwall                 Tmut/Erth      4%         N/A       16%         2
 Swiftness                Air            5%         N/A       30%         3
 Alistair's Intoxication  Tmut/Pois      3%         N/A       95%         5


Dungeon Overview and Level Annotations

Branches:
Dungeon (8/15)             Temple (1/1) D:4            Lair (2/6) D:8
 Spider (0/4) Lair:2
  Swamp: Lair:2-4    Shoals: Lair:2-4

Altars:
Ashenzari
Cheibriados
Dithmenos
Elyvilon
Fedhas
Gozag
Hepliaklqana
Kikubaaqudgha
Makhleb
Nemelex Xobeh
Okawaru
Qazlal
Ru
Sif Muna
Trog
Uskayaw
Vehumet
Wu Jian
Xom
Yredelemnul
Zin
The Shining One


Innate Abilities, Weirdness & Mutations

You are amphibious.
You cover ground slowly.
You can hop short distances.
You have an extended range of vision and can be seen from far away.
Your mind is acute. (Int +2)


Message History

Unknown command.
Casting: Freeze (safe; 1% risk of failure)
Confirm with . or Enter, or press ? or * to list all spells.
Aiming: Freeze (safe; 1% risk of failure)
Press: ? - help, Shift-Dir - straight line, f/p - eight-headed hydra
Aim: an eight-headed hydra (severely wounded, poisoned, slow, haloed)
You freeze the eight-headed hydra!
The eight-headed hydra is almost dead.
The frozen ramparts melt away.
The eight-headed hydra barely misses you.
The eight-headed hydra bites you!
* * * LOW HITPOINT WARNING * * *
The eight-headed hydra barely misses you.
The eight-headed hydra bites you but does no damage.
The eight-headed hydra bites you!
* * * LOW HITPOINT WARNING * * *
The eight-headed hydra closely misses you.
The eight-headed hydra completely misses you.
The eight-headed hydra barely misses you.
Unknown command.
Casting: Freeze (safe; 1% risk of failure)
Confirm with . or Enter, or press ? or * to list all spells.
Aiming: Freeze (safe; 1% risk of failure)
Press: ? - help, Shift-Dir - straight line, f/p - eight-headed hydra
Aim: an eight-headed hydra (almost dead, poisoned, slow, haloed)
You freeze the eight-headed hydra.
The eight-headed hydra is almost dead.
The eight-headed hydra seems to slow down.
Unknown command.
Casting: Freeze (safe; 1% risk of failure)
Confirm with . or Enter, or press ? or * to list all spells.
Aiming: Freeze (safe; 1% risk of failure)
Press: ? - help, Shift-Dir - straight line, f/p - eight-headed hydra
Aim: an eight-headed hydra (almost dead, poisoned, slow, haloed)
You freeze the eight-headed hydra.
The eight-headed hydra is almost dead.
The eight-headed hydra seems to slow down.
The eight-headed hydra closely misses you.
The eight-headed hydra misses you. The eight-headed hydra bites you!
You die...

................####.....## ....
................#.##P....####....
................P.##P...#..#.....
#................................
###....##........................
# #...###......................!#
# #...###.......................#
#....###.#.####D..P###P##......
##...## #@#.### ### P.....
##P...P####### #.### .....
###...##P##..#.#.... ..... #
#................. ..#. #
#..............#.. ### #
#..............##^. #
#.#.########...# ^^. # ##.##
#....# ^^^ # ## ##....#^>^^


You could see an eight-headed hydra (poisoned, slow).

Vanquished Creatures
  A hydra (Lair:2)
  A black mamba (Lair:1)
  3 cane toads
  Maggie (D:6)
  2 rime drakes (Lair:1)
  3 komodo dragons
  5 yaks (Lair:2)
  A wyvern (D:8)
  2 steam dragons
  Eustachio (D:6)
  4 water moccasins
  A sky beast (D:4)
  An ogre (D:5)
  19 wolves
  A centaur (D:8)
  6 bullfrogs
  2 necrophages (D:5)
  9 wights
  5 killer bees (D:8)
  4 howler monkeys
  An electric eel (Lair:1)
  3 hounds (D:5)
  A jelly (D:7)
  5 orc priests
  Terence (D:3)
  6 iguanas
  5 orc wizards
  14 gnolls
  7 adders
  A shadow imp (D:7)
  2 white imps
  5 ufetubi
  2 worms
  A dart slug (D:3)
  14 orcs
  9 bats
  7 endoplasms
  3 giant cockroaches
  11 hobgoblins
  4 jackals (D:4)
  5 quokkas
  6 ball pythons
  3 frilled lizards (D:1)
  9 goblins
  7 kobolds
  7 rats
211 creatures vanquished.

Vanquished Creatures (others)
  4 fungi
  7 plants
11 creatures vanquished.

Grand Total: 222 creatures vanquished

Notes
Turn   | Place    | Note
-------+----------+-------------------------------------------
     0 | D:1      | Bruhh the Barachi Ice Elementalist began the quest for the
                  | Orb.
     0 | D:1      | Reached XP level 1. HP: 13/13 MP: 3/3
    84 | D:1      | Reached skill level 5 in Ice Magic
   280 | D:1      | Reached XP level 2. HP: 19/19 MP: 3/5
  1115 | D:1      | Reached XP level 3. HP: 24/24 MP: 4/6
  1639 | D:1      | Learned a level 3 spell: Frozen Ramparts
  1643 | D:1      | Learned a level 3 spell: Ozocubu's Armour
  1660 | D:2      | Reached XP level 4. HP: 18/31 MP: 5/8
  2139 | D:2      | You fall into a shaft and drop 2 floors!
  2179 | D:4      | Found a staircase to the Ecumenical Temple.
  2189 | D:4      | Gained mutation: Your mind is acute. (Int +2) [potion of
                  | mutation]
  2195 | D:4      | Reached XP level 5. HP: 20/36 MP: 6/11
  2280 | Temple   | Entered the Ecumenical Temple
  2622 | Temple   | Became a worshipper of the Shining One
  2685 | D:4      | Noticed a sky beast
  2692 | D:4      | Killed a sky beast
  2693 | D:4      | Reached skill level 5 in Spellcasting
  2693 | D:4      | Reached XP level 6. HP: 46/46 MP: 6/13
  3878 | D:3      | Found a stormy altar of Qazlal.
  4275 | D:2      | Noticed Terence
  4281 | D:3      | Killed Terence
  4294 | D:2      | Reached skill level 5 in Fighting
  4401 | D:2      | Reached * piety under the Shining One
  4402 | D:2      | Reached XP level 7. HP: 43/56 MP: 12/14
  4502 | D:2      | Found a faded altar of an unknown god.
  5002 | D:5      | Entered Level 5 of the Dungeon
  5252 | D:5      | Reached XP level 8. HP: 28/68 MP: 12/15
  5328 | D:5      | HP: 3/69 [white imp/puff of frost (8)]
  6409 | D:5      | Reached skill level 10 in Fighting
  6409 | D:5      | Reached skill level 1 in Armour
  6649 | D:6      | Noticed Eustachio
  6650 | D:6      | Reached ** piety under the Shining One
  7261 | D:6      | Killed Eustachio
  7262 | D:6      | Reached skill level 3 in Armour
  7284 | D:6      | Reached skill level 4 in Armour
  7864 | D:6      | Reached skill level 5 in Armour
  7893 | D:6      | Reached XP level 9. HP: 69/78 MP: 14/16
  7902 | D:6      | Reached skill level 6 in Armour
  8086 | D:6      | Reached skill level 7 in Armour
  8662 | D:6      | Noticed Maggie
  8671 | D:6      | The Shining One protects you from harm!
  8673 | D:6      | Killed Maggie
  8674 | D:6      | Reached skill level 8 in Armour
  9532 | D:7      | Reached skill level 9 in Armour
 10021 | D:7      | Learned a level 4 spell: Hailstorm
 10293 | D:8      | Reached skill level 1 in Conjurations
 10787 | D:8      | Reached skill level 10 in Armour
 10928 | D:8      | Reached XP level 10. HP: 85/85 MP: 17/17
 11191 | D:8      | Found a staircase to the Lair.
 11774 | Lair:1   | Entered Level 1 of the Lair of Beasts
 11774 | Lair:1   | Reached *** piety under the Shining One
 11780 | Lair:1   | Reached skill level 11 in Armour
 12171 | D:8      | Reached skill level 12 in Armour
 12469 | D:8      | Reached skill level 1 in Invocations
 12952 | Lair:1   | Noticed a cane toad
 12962 | Lair:1   | Killed a cane toad
 13274 | Lair:1   | Noticed a cane toad
 13290 | Lair:1   | Reached skill level 5 in Invocations
 13295 | Lair:1   | Killed a cane toad
 13828 | Lair:1   | Reached XP level 11. HP: 90/90 MP: 10/18
 15189 | Lair:2   | Noticed a seven-headed hydra
 15212 | Lair:2   | Killed a seven-headed hydra
 15416 | Lair:2   | Found a hole to the Spider Nest.
 15527 | Lair:2   | Noticed an eight-headed hydra
 15542 | Lair:2   | HP: 3/90 [eight-headed hydra (12)]
 15544 | Lair:2   | Mangled by an eight-headed hydra

Illustrated notes

Levels and vault maps discovered:
D:1:      scummos_arrival_checkerplants, layout_basic, serial_co_window_serial,
          co_window_corner_a, co_window_paths_a, co_window_of_opportunity_a,
          co_window_corner_a, co_window_of_opportunity_a, co_window_broadway_c,
          co_window_cross_4, co_window_broadway_a, co_window_broadway_c,
          co_window_sun, glass_columns_b, glass_columns_a, glass_columns_a,
          glass_columns_a, glass_columns_c, minmay_tromino_i4
D:2:      layout_basic, hellmonk_ecumenical_altar_prayer_group, uniq_terence
D:3:      layout_loops_ring, lemuel_round_altar
D:4:      layout_loops_corners, minmay_temple_entry_glass,
          chequers_serial_rivers_micro_e
D:5:      layout_cave_pools, minmay_manual_mess
D:6:      layout_rooms, roderic_serpentine_path, uniq_maggie, uniq_eustachio
D:7:      layout_loops_ring, hex_large, st_stairs_3
D:8:      layout_loops_ring, david_lair_shrubbed
Temple:   compressed_dpeg_triangle_lava_temple
Lair:1:   layout_gridlike, grunt_forest_large_clearings
Lair:2:   layout_cellular_growth, spider_nest_entry_webs, grunt_megastairs_2,
          infiniplex_staircase_pool_2, uniq_gastronok

Skill      XL: |  1  2  3  4  5  6  7  8  9 10 11 |
---------------+----------------------------------+-----
Ice Magic      | 5 6 |  6.0
Spellcasting   | 3 4 5 |  5.0
Fighting       | 2 5 8 10 | 10.0
Armour         | 5 10 12 | 12.0
Conjurations   | 4 |  4.0
Invocations    | 6 8 |  8.8
Dodging        | |  2.1
Stealth        | |  1.7
Unarmed Combat | |  0.1

Action                   |  1- 3 |  4- 6 |  7- 9 | 10-12 || total
-------------------------+-------+-------+-------+-------++-------
Melee: Unarmed           |     8 |       |       |       ||     8
       Dagger            |     2 |    18 |    95 |       ||   115
       Short sword       |       |       |    28 |       ||    28
       Punch             |       |       |     3 |     3 ||     6
       Spear             |       |       |   118 |   120 ||   238
       Scimitar          |       |       |    28 |       ||    28
 Cast: Freeze            |    41 |    43 |    56 |    75 ||   215
       Frozen Ramparts   |     1 |     9 |    27 |    13 ||    50
       Ozocubu's Armour  |     1 |     8 |    21 |    13 ||    43
       Hailstorm         |       |       |       |     3 ||     3
Invok: Divine Shield     |       |       |       |     1 ||     1
 Abil: Hop               |       |       |     2 |     2 ||     4
Evoke: Wand              |       |       |       |     2 ||     2
  Use: Potion            |       |     3 |     4 |       ||     7
       Scroll            |       |       |    10 |       ||    10
Armor: Robe              |    24 |    38 |    36 |       ||    98
       Steam dragon scal |       |       |    64 |   152 ||   216
Dodge: Dodged            |    55 |    57 |   228 |   202 ||   542
Block: Other             |       |       |       |     9 ||     9

Table legend: (Time is in decaauts)
 A = Elapsed time spent in this place.
 B = Non-inter-level travel time spent in this place.
 C = Inter-level travel time spent in this place.
 D = Time resting spent in this place.
 E = Time spent auto-exploring this place.
 F = Levels seen in this place.
 G = Mean time per level.
                   A        B        C        D        E       F      G
               +--------+--------+--------+--------+--------+-----+--------+
         Total |  16882 |  16341 |    541 |   2662 |  11543 |  11 | 1534.7 |
       Dungeon |  13917 |  13421 |    496 |   2662 |   9093 |   8 | 1739.6 |
        Temple |    403 |    403 |      0 |      0 |    313 |   1 |  403.0 |
          Lair |   2562 |   2518 |     44 |      0 |   2137 |   2 | 1281.0 |
               +--------+--------+--------+--------+--------+-----+--------+

Top non-repeatable levels by time:
     D:8: 3035 daAuts
     D:5: 2383 daAuts
  Lair:1: 1955 daAuts
     D:1: 1858 daAuts
     D:6: 1769 daAuts
     D:4: 1649 daAuts
     D:2: 1158 daAuts
     D:7: 1132 daAuts
     D:3: 930 daAuts
  Lair:2: 606 daAuts
  Temple: 403 daAuts
